[Event "17th Izmir Open 2018"]
[Site "Izmir"]
[Date "2018.09.11"]
[Round "4.8"]
[White "Grigoriev, Armen"]
[Black "Ozkurt, Deniz"]
[Result "1-0"]
[ECO "A00"]
[WhiteElo "2067"]
[BlackElo "1649"]
[Annotator "NA RC"]
[PlyCount "81"]
[EventDate "2018.09.09"]
[EventType "swiss"]
[EventCountry "TUR"]
[SourceTitle "playchess.com"]
[Source "ChessBase"]
[SourceQuality "1"]
[TimeControl "5400+30"]

1. e4 d5 2. Nc3 d4 3. Nce2 e5 4. Ng3 Be6 5. Nf3 Nd7 {[%emt 0:04:00] LiveBook: 15 Games} 6. Be2 {[%emt 0:01:30] A00: Irregular Openings} (6. c3 c5 7. Bb5 f6 8. Qe2 Ne7 9. Nh4 g6 10. O-O Bg7 11. Bc4 Qb6 12. Bxe6 Qxe6 13. f4 exf4 14. Rxf4 dxc3 15. dxc3 {1-0 (95) Dgebuadze,A (2529)-Skripchenko,A (2441) Le Port Marly 2013}) 6... f6 7. d3 Bb4+ $146 ({Predecessor:} 7... Bc5 8. O-O Ne7 9. h3 O-O 10. Nh2 b5 11. f4 exf4 12. Bxf4 Ng6 13. Bd2 Bb6 {½-½ (60) Kaulfuss,H (2046)-Rudolph,L (1899) Frankfurt 2015}) 8. Nd2 Ne7 9. Bg4 Nc5 10. O-O Bxd2 11. Bxd2 Qd7 12. h3 Bxg4 13. hxg4 Ne6 14. Nf5 Ng6 15. g3 O-O-O 16. a4 Kb8 17. a5 Ne7 18. Kg2 g6 19. Nxe7 Qxe7 20. Rh1 Qf7 21. Qf3 Rdf8 22. Rh6 Qd7 23. Rah1 f5 24. gxf5 gxf5 25. exf5 Rxf5 26. Qe2 ({White has to play} 26. Qxf5 $16 Nf4+ 27. Bxf4 Qxf5 28. R1h5) 26... Rhf8 27. Rf1 {[%emt 0:01:30] [#]} (27. Be1 $11 {remains equal.}) 27... Nf4+ $1 28. Bxf4 exf4 29. Qe6 Qd8 $2 (29... Qg7 $19 30. Rh3 a6) 30. g4 $2 {[%emt 0:13:30] [#]} (30. Rxh7 $15 fxg3 31. f4) 30... f3+ $2 ({Black should try} 30... Qg5 $1 $19 31. Re1 Qxg4+ 32. Kf1 a6) 31. Kh3 R5f6 32. Rxf6 Rxf6 33. Qe5 Rf8 $2 {[%emt 0:02:05] [#]} (33... Rh6+ $11 {and Black has nothing to worry.} 34. Kg3 Qh4+ 35. Kxf3 Rf6+ 36. Ke2 Qxg4+ 37. f3 Qe6 38. Qxe6 Rxe6+ 39. Kf2 Kc8) 34. Re1 $1 Rg8 35. Qe7 Qc8 36. Qe6 Qd8 37. Re5 Qf8 38. a6 b6 39. Rf5 Qg7 (39... Qc8 $142 40. Qxc8+ Kxc8) 40. Qe4 c6 41. Qf4+ $18 1-0

[Event "17th Izmir Open 2018"]
[Site "Izmir"]
[Date "2018.09.11"]
[Round "4.9"]
[White "Demir, Utku Deniz"]
[Black "Kirilmaz, Emre"]
[Result "0-1"]
[ECO "B04"]
[WhiteElo "1678"]
[BlackElo "2017"]
[Annotator "NA RC"]
[PlyCount "84"]
[EventDate "2018.09.09"]
[EventType "swiss"]
[EventCountry "TUR"]
[SourceTitle "playchess.com"]
[Source "ChessBase"]
[SourceQuality "1"]
[TimeControl "5400+30"]

1. e4 Nf6 2. e5 Nd5 3. d4 d6 4. c4 Nb6 5. exd6 cxd6 6. h3 g6 7. Nf3 Bg7 8. Be2 O-O 9. O-O e5 10. Nc3 Nc6 11. Be3 {[%emt 0:02:30] LiveBook: 3 Games} Nd7 {[%emt 0:16:30] B04: Alekhine's Defence: 4 Nf3} (11... f5 12. c5 f4 13. cxb6 fxe3 14. dxe5 exf2+ 15. Rxf2 Nxe5 16. bxa7 Qb6 17. Qd5+ Kh8 18. Rd1 Qxa7 19. Nb5 Nxf3+ 20. Bxf3 Qxa2 {½-½ (40) Nielsen,R (2262)-Poulsen,M (2259) Faroe Islands 2014}) 12. d5 $146 ({Predecessor:} 12. Nb5 Nb6 13. dxe5 dxe5 14. Qb3 Qe7 15. Nxa7 Nd7 16. Nxc8 Rfxc8 {0-1 (58) Zaidman,G (1958)-Onocko,G (1987) La Banda 2017}) 12... Ne7 13. Nb5 Nb6 14. c5 dxc5 15. d6 ({Better is} 15. Bxc5 $11 e4 16. Nd2) 15... Ned5 16. Bxc5 e4 17. Nd2 Re8 18. Nc4 (18. Bxb6 $11 axb6 19. Bc4) 18... Qg5 19. f4 $2 (19. h4 $17 {was worth a try.} Qxh4 20. Bxb6 Nxb6 21. Nc7 Nxc4 22. Bxc4 (22. Nxe8 $2 {perishes.} Be5 $19)) 19... Nxf4 20. Rxf4 Qxc5+ ({Less strong is} 20... Qxf4 21. Bxb6 axb6 22. d7 $15) 21. Kh1 Qxb5 22. Nxb6 Qxb6 23. d7 Rd8 24. dxc8=Q Raxc8 25. Qf1 f5 ({Don't play} 25... Bxb2 26. Rb1 $19) 26. Rf2 Qe3 ({Much less strong is} 26... Bxb2 27. Bc4+ Kh8 28. Rb1 $19) 27. g4 Bd4 28. Rf4 Be5 29. Rf2 Bg3 30. Rg2 f4 31. Bc4+ Kh8 32. b3 Rd2 33. Rxd2 Qxd2 34. Qg1 Rd8 35. a4 b6 36. Rc1 Qb2 37. Rb1 Qc3 38. Qg2 Bh4 (38... Rd2 $142 39. Rg1 Rxg2 40. Rxg2 Kg7 41. h4 Bxh4 42. Bd3 Qxd3 43. Kh2 Bg3+ 44. Kh3 Qf1 45. g5 Qh1+ 46. Rh2 Qxh2+ 47. Kg4 Qh5#) 39. Qxe4 Qxh3+ 40. Kg1 Qxg4+ 41. Kh1 Bf6 42. Bd5 Qh5+ 0-1

[Event "17th Izmir Open 2018"]
[Site "Izmir"]
[Date "2018.09.11"]
[Round "4.10"]
[White "Cilek, Bora"]
[Black "Uregen, Rafet"]
[Result "1-0"]
[ECO "B31"]
[WhiteElo "1955"]
[BlackElo "1695"]
[Annotator "NA RC"]
[PlyCount "69"]
[EventDate "2018.09.09"]
[EventType "swiss"]
[EventCountry "TUR"]
[SourceTitle "playchess.com"]
[Source "ChessBase"]
[SourceQuality "1"]
[TimeControl "5400+30"]

1. e4 c5 2. Nf3 Nc6 3. Bb5 g6 4. O-O Bg7 5. c3 e5 6. Na3 Nge7 7. Nc4 {[%emt 0:00:30] LiveBook: 18 Games} d6 {[%emt 0:01:30] B31: Sicilian: 2...Nc6 3 Bb5 g6} (7... d5 8. exd5 Qxd5 9. d3 O-O 10. Re1 Kh8 11. h3 f6 12. a4 Be6 13. a5 Rad8 14. Be3 g5 15. Ncd2 {½-½ (34) Romanov,E (2641)-Kovalev,V (2562) Gjakova 2016}) 8. d4 O-O (8... exd4 $11 9. Bf4 O-O) 9. Be3 (9. dxe5 $16 Nxe5 10. Nxd6) 9... b6 $146 ({Black should try} 9... exd4 $11 10. cxd4 Nxd4 11. Nxd4 a6) ({Predecessor:} 9... cxd4 10. cxd4 exd4 11. Bf4 d5 12. exd5 Qxd5 13. Nd6 Bg4 14. Be2 Rad8 15. Bc4 Bxf3 16. gxf3 {1-0 (36) Kozma,E (1962)-Kozlowski,L Balatonboglar 2014}) 10. a4 (10. dxe5 $14 dxe5 11. Qxd8 Rxd8 12. Rfd1) 10... Qc7 11. d5 Na5 12. Nxa5 bxa5 13. Nd2 f5 14. f3 Rb8 15. Qc2 Bd7 16. Bxd7 Qxd7 17. Nb3 fxe4 18. fxe4 Rxf1+ 19. Kxf1 Qb7 20. Ra3 c4 (20... Kf7 $14) 21. Nd2 Qa6 22. Ke1 Nc8 23. b3 Nb6 24. b4 axb4 (24... Bf6 $142) 25. cxb4 Kh8 (25... c3 $16 26. Rxc3 (26. Qxc3 Rc8 $16) 26... Qxa4) 26. a5 Nd7 27. Qa4 ({Less strong is} 27. Nxc4 Nf6 $16) ({Not} 27. Qxc4 Qxc4 28. Nxc4 Rxb4 $16) 27... Nf6 28. Qc6 Qb7 29. Qxb7 Rxb7 30. a6 Rc7 (30... Rxb4 $142 31. Bxa7 Bh6) 31. b5 c3 32. Nb3 Rc8 33. Bxa7 c2 34. Be3 Rc3 35. Bd2 $18 1-0